 Dungeon Crawl Stone Soup version 0.29.1-13-g9f3cf754e1 (webtiles) character file.

Game seed: 7969676243793452903

2941 H0rd4k the Magician (level 9, -4/64 HPs)
             Began as an Octopode Artificer on Jan 31, 2023.
             Was an Initiate of Gozag.
             Killed from afar by a steam dragon (18 damage)
             ... with a ball of steam
             ... on level 8 of the Dungeon.
             The game lasted 00:12:55 (8541 turns).

H0rd4k the Magician (Octopode Artificer)            Turns: 8541, Time: 00:12:56

Health: -4/64      AC:  1    Str: 11    XL:     9   Next: 80%
Magic:  27/29      EV: 13    Int: 17    God:    Gozag
Gold:   1358       SH:  0    Dex: 13    Spells: 10/22 levels left

rFire   . . .      SeeInvis .     - Unarmed
rCold   . . .      Faith    .   (no shield)
rNeg    . . .      Spirit   .   (helmet restricted)
rPois   .          Reflect  .   r - amulet of regeneration
rElec   .          Harm     .   g - ring of magical power
rCorr   +          Rampage  .   l - ring of willpower
Will    +....                   n - ring of resist corrosion
Stlth   +++.......              (no ring)
HPRegen 1.00/turn               (no ring)
MPRegen 0.21/turn               (no ring)
                                (no ring)
                                (no ring)

@: no status effects
A: almost no armour, amphibious, 8 rings, camouflage 1, gelatinous body 1,
(nimble swimmer 1), tentacles
a: Renounce Religion, Potion Petition, Call Merchant, Bribe Branch


You were on level 8 of the Dungeon.
You worshipped Gozag.
Gozag was most pleased with you.
You visited 2 branches of the dungeon, and saw 9 of its levels.
You also visited: Ossuary.

You collected 1379 gold pieces.
You paid 21 gold pieces to Gozag.

Inventory:

Missiles
 m - 14 poisoned darts
Magical Staves
 w - a staff of death
Jewellery
 g - a ring of magical power (left tentacle)
 l - a ring of willpower (right tentacle)
 n - a ring of resist corrosion (on tentacle)
 r - an amulet of regeneration (around mantle)
Wands
 d - a wand of flame (19)
 x - a wand of polymorph (11)
Scrolls
 a - 4 scrolls of teleportation
 c - a scroll of identify
 f - 2 scrolls of enchant weapon {unknown}
 j - a scroll of acquirement {unknown}
 o - 3 scrolls of vulnerability
 s - 2 scrolls of poison {unknown}
 u - 4 scrolls of silence {unknown}
 y - 3 scrolls of noise {unknown}
 z - a scroll of enchant armour {unknown}
 A - a scroll of fear {unknown}
 B - a scroll of blinking {unknown}
Potions
 b - a potion of lignification {unknown}
 e - a potion of resistance {unknown}
 h - 4 potions of flight
 i - 4 potions of brilliance {unknown}
 k - 2 potions of curing {unknown}
 p - 4 potions of invisibility
 q - a potion of magic {unknown}
 t - a potion of heal wounds
 v - a potion of attraction {unknown}
 C - a potion of might {unknown}


   Skills:
 - Level 7.3 Fighting
 + Level 0.8 Ranged Weapons
 - Level 2.3 Dodging
 - Level 1.3 Stealth
 - Level 5.2 Unarmed Combat
 * Level 7.4 Spellcasting
 + Level 0.9 Hexes
 * Level 4.3 Summonings
 + Level 1.0 Necromancy
 - Level 3.2 Evocations


You had 10 spell levels left.
You knew the following spells:

 Your Spells              Type           Power      Damage    Failure   Level
a - Call Canine Familiar  Summ           20%        N/A       6%          3
b - Summon Guardian Gole  Hex/Summ       15%        N/A       12%         3
c - Summon Cactus Giant   Summ           10%        N/A       96%         6

Your spell library contained the following spells:

 Spells                   Type           Power      Damage    Failure   Level
 Summon Small Mammal      Summ           80%        N/A       1%          1
 Necrotise                Necr           36%        1d5       8%          1
 Shock                    Conj/Air       24%        1d4       11%         1
 Scorch                   Fire           12%        2d6       17%         2
 Confusing Touch          Hex            9%         N/A       22%         3
 Vampiric Draining        Necr           9%         2d6       22%         3
 Frozen Ramparts          Ice            12%        1d2       32%         3
 Teleport Other           Tloc           6%         N/A       32%         3
 Summon Ice Beast         Ice/Summ       13%        N/A       41%         4
 Flame Wave               Conj/Fire      6%         2d5       73%         4
 Ice Form                 Ice/Tmut       6%         N/A       73%         4
 Agony                    Necr           9%         N/A       90%         5
 Yara's Violent Unravell  Hex/Tmut       3%         3d4       95%         5
 Freezing Cloud           Conj/Ice/Air   3%         6-21      97%         5
 Enfeeble                 Hex            4%         N/A       100%        7


Dungeon Overview and Level Annotations

Branches:
Dungeon (8/15)             Temple (1/1) D:4         Ossuary (visited)
   Lair: D:8-11

Altars:
Ashenzari
Cheibriados
Elyvilon
Fedhas
Gozag
Hepliaklqana
Kikubaaqudgha
Makhleb
Okawaru
Qazlal
Sif Muna
Trog
Uskayaw
Vehumet
Xom
Yredelemnul
The Shining One

Shops:
D:5 (

Annotations:
D:3 exclusion: downstairs
D:4 exclusion: downstairs
D:5 exclusion: 2 downstairs
D:6 Grinder, Maggie


Innate Abilities, Weirdness & Mutations

You cannot wear most types of armour.
You are amphibious.
You can wear up to eight rings at the same time.
Your skin changes colour to match your surroundings (Stealth+).
Your rubbery body absorbs attacks. (AC +1, EV +1)
((You are camouflaged when in or above water. (Stealth+)))
You have tentacles for arms and can constrict up to eight enemies at once.


Message History

The steam dragon bites you.
* * * LOW HITPOINT WARNING * * *
The steam dragon closely misses you.
You feel much better.
You are engulfed in a cloud of scalding steam.
Your hound barely misses the steam dragon.
The steam dragon barely misses you. The steam dragon claws you.
An orc wizard comes into view. It is wielding a +0 rapier.
Your hound closely misses the steam dragon.
You barely miss the steam dragon.
The steam dragon is heavily wounded.
Your hound bites the steam dragon but does no damage.
The steam dragon bites you!
* * * LOW HITPOINT WARNING * * *
The steam dragon claws you.
* * * LOW HITPOINT WARNING * * *
The orc wizard points at you and mumbles some strange words.
The puff of flame hits you!
* * * LOW HITPOINT WARNING * * *
You feel much better.
Your hound bites the steam dragon but does no damage.
The steam dragon completely misses you. The steam dragon closely misses you.
Your hound completely misses the steam dragon.
You closely miss the steam dragon. You tentacle-slap the steam dragon.
Your squeeze misses the steam dragon.
The steam dragon is heavily wounded.
Your hound barely misses the steam dragon.
The orc wizard gestures at you while chanting.
You resist with almost no effort. The steam dragon bites you!
The steam dragon claws you.
* * * LOW HITPOINT WARNING * * *
You barely miss the steam dragon. You squeeze the steam dragon!
The steam dragon is severely wounded.
You are engulfed in a cloud of scalding steam.
* * * LOW HITPOINT WARNING * * *
Your hound bites the steam dragon.
The steam dragon breathes steam at you. The ball of steam hits you!!
You die...
Your body crumbles into a pile of gold.

.. #.# ..# #. #.# #.# #.
#.# #.# # #. #.# #.# .#
# #. #.######.###.#.#
#.####..............#.
###..>.........9h.$.....
......##########D....o..
####.## #@##..... $ #.#
#########$# #### #.#
#...$..<ยง.# #.#
#.######### #.# #># #.#
#.# #.###.# #...).#
#######


You could see a steam dragon (catching breath, ally target), an orc wizard, a
friendly guardian golem (summoned) and a friendly hound (summoned, sheltered).

Vanquished Creatures
  Menkaure (D:5)
  A water moccasin (D:7)
  Duvessa (D:4)
  A black bear (D:5)
  2 ogres
  A centaur (D:6)
  2 kobold brigands (D:6)
  4 phantoms
  5 necrophages
  A bullfrog (D:6)
  2 elf zombies (Ossuary)
  A scorpion (D:4)
  2 human zombies (Ossuary)
  3 orc priests
  5 jellies
  4 hounds
  2 iguanas
  3 orc wizards
  2 mummies (Ossuary)
  2 gnolls (D:5)
  7 adders
  2 white imps (D:6)
  An ufetubus (D:4)
  3 adder zombies (Ossuary)
  A worm (D:3)
  2 dart slugs
  28 orcs
  3 endoplasms
  3 giant cockroaches
  6 hobgoblins
  7 jackals
  3 quokkas
  9 ball pythons
  2 bats
  16 frilled lizards
  8 goblins
  2 goblin zombies (Ossuary)
  9 hobgoblin zombies (Ossuary)
  2 jackal zombies (Ossuary)
  8 kobolds
  5 kobold zombies (Ossuary)
  11 orc zombies (Ossuary)
  5 rats
  A rat zombie (Ossuary)
189 creatures vanquished.

Vanquished Creatures (collateral kills)
  A wyvern (D:7)
  A howler monkey (D:5)
  A gnoll bouda (D:5)
  3 gnolls
  A dart slug (D:5)
  13 orcs
20 creatures vanquished.

Vanquished Creatures (others)
  An ice beast (D:5)
  A centaur (D:5)
  A necrophage (D:5)
  Dowan (D:4)
  A hound (D:5)
  2 orc priests
  A jelly (D:5)
  An orc wizard (D:7)
  A gnoll (D:7)
  A white imp (D:7)
  A nameless horror (D:8)
  7 orcs
  A jackal (D:5)
  6 plants (D:1)
26 creatures vanquished.

Grand Total: 235 creatures vanquished

Notes
Turn   | Place    | Note
-------+----------+-------------------------------------------
     0 | D:1      | H0rd4k the Octopode Artificer began the quest for the Orb.
     0 | D:1      | Reached XP level 1. HP: 13/13 MP: 1/1
   835 | D:1      | Reached XP level 2. HP: 3/18 MP: 3/3
  1089 | D:1      | Found a faded altar of an unknown god.
  1456 | D:1      | Reached skill level 1 in Spellcasting
  1474 | D:1      | Got the Omnibus of Clouds and Peregrination
  1645 | D:2      | Reached skill level 1 in Unarmed Combat
  1645 | D:2      | Reached XP level 3. HP: 21/24 MP: 4/4
  2423 | D:2      | Reached XP level 4. HP: 6/29 MP: 6/6
  3237 | D:3      | Reached XP level 5. HP: 14/35 MP: 7/7
  3610 | D:3      | Found a white marble altar of Elyvilon.
  3674 | D:3      | Found a basalt altar of Yredelemnul.
  3799 | D:4      | Noticed a phantom
  3806 | D:4      | Killed a phantom
  3813 | D:4      | Found a sand-covered staircase.
  3861 | D:4      | Reached XP level 6. HP: 41/41 MP: 9/9
  3883 | D:4      | Found a staircase to the Ecumenical Temple.
  3893 | Temple   | Entered the Ecumenical Temple
  3932 | Temple   | Became a worshipper of Gozag Ym Sagoz the Greedy
  3964 | Ossuary  | Entered an ossuary
  4258 | Ossuary  | Reached skill level 5 in Unarmed Combat
  4258 | Ossuary  | Reached XP level 7. HP: 46/46 MP: 11/11
  4787 | D:4      | Noticed Dowan
  4801 | D:4      | Your ally Dowan died
  4919 | D:4      | Noticed Duvessa
  4926 | D:4      | Killed Duvessa
  4927 | D:4      | Reached XP level 8. HP: 38/54 MP: 14/14
  4944 | D:4      | Reached skill level 5 in Fighting
  5461 | D:5      | Entered Level 5 of the Dungeon
  5583 | D:5      | Reached skill level 5 in Spellcasting
  5649 | D:5      | Noticed Menkaure
  5664 | D:5      | Killed Menkaure
  5994 | D:5      | Found Fodeore's Weapon Emporium.
  6303 | D:6      | Reached XP level 9. HP: 63/64 MP: 17/17
  6319 | D:6      | Learned a level 3 spell: Call Canine Familiar
  6323 | D:6      | Learned a level 3 spell: Summon Guardian Golem
  6330 | D:6      | Learned a level 6 spell: Summon Cactus Giant
  6409 | D:6      | Reached skill level 1 in Summonings
  6409 | D:6      | Reached skill level 1 in Necromancy
  6409 | D:6      | Noticed Maggie
  6555 | D:6      | Noticed Grinder
  8541 | D:8      | Killed from afar by a steam dragon

Illustrated notes

Levels and vault maps discovered:
D:1:      wander_arrival_lonely_grave, layout_basic,
          chequers_ecumenical_altar_twisty, minmay_lizard_king
D:2:      layout_loops_cross
D:3:      layout_rooms, kennysheep_ying_yang, nicolae_elevator_lobby_asterisk
D:4:      minmay_skewed_foursquare, layout_basic,
          minmay_temple_entry_sparse_star, enter_ossuary_2, uniq_duvessa
D:5:      layout_rooms, serial_shops, shop, uniq_menkaure
D:6:      kennysheep_six_static_rooms, layout_cave_pools, dk_vineyard_1,
          uniq_grinder, uniq_maggie
D:7:      layout_loops_ring
D:8:      layout_loops_ring
Temple:   compressed_dpeg_triangle_lava_temple

Skill      XL: |  1  2  3  4  5  6  7  8  9 |
---------------+----------------------------+-----
Spellcasting   | 1 2 4 5 7 |  7.4
Unarmed Combat | 1 2 4 5 |  5.2
Fighting       | 2 3 4 7 |  7.3
Summonings     | 4 |  4.3
Necromancy     | 1 |  1.0
Ranged Weapons | |  0.8
Dodging        | |  2.3
Stealth        | |  1.3
Hexes          | |  0.9
Evocations     | |  3.2

Action                   |  1- 3 |  4- 6 |  7- 9 || total
-------------------------+-------+-------+-------++-------
Melee: Unarmed           |   111 |   114 |   322 ||   547
       Constrict         |    27 |    36 |    68 ||   131
       Tentacles         |    19 |    37 |    93 ||   149
       Punch             |       |    10 |    20 ||    30
 Cast: Call Canine Famil |       |       |    14 ||    14
       Summon Guardian G |       |       |    13 ||    13
Evoke: Wand              |       |    14 |    28 ||    42
  Use: Scroll            |       |       |     5 ||     5
       Potion            |       |       |     2 ||     2
 Stab: Sleeping          |    14 |    10 |     6 ||    30
       Distracted        |       |     1 |     1 ||     2
Armor: Skin              |     8 |     4 |    14 ||    26
Dodge: Dodged            |    51 |    44 |   196 ||   291
